[Event "44th Chess Olympiad Open 2022"]
[Site "Chennai"]
[Date "2022.08.06"]
[Round "8.89"]
[White "Pillay, Ragul"]
[Black "Salvadora, Angelo"]
[Result "1-0"]
[WhiteElo "1341"]
[BlackElo "1711"]
[Annotator "NA RC"]
[PlyCount "93"]
[EventDate "2022.??.??"]
[TimeControl "60"]

1. d4 d5 2. c4 Nf6 3. Nc3 Bg4 4. Qb3 Nc6 5. cxd5 Nxd4 6. Qa4+ c6 7. Qxd4 cxd5 8. Bg5 Be6 9. e3 a6 10. Nf3 g6 11. Bxf6 exf6 12. Be2 Bg7 13.
Qb4 Rb8 14. O-O Bf8 15. Qa4+ Bd7 16. Qd4 Bc6 17. Rfd1 Bg7 18. Nxd5 O-O 19. Nb4 Qe8 20. Nxc6 Qxc6 21. Rac1 Qe6 22. Bc4 Qe7 23. Qd7 Qb4 24. b3 Qa3 25. Qd2 b5 26. Bd5 b4 27. Rc7 Qa5 28.
Qc2 Rb5 29. Qc4 Rbb8 30. Rxf7 Rxf7 31. Bxf7+ Kh8 32. Nd4 Rd8 33. Qc2 Qh5 34. Nf3 Rf8 35. Qc7 Qf5 36. Nd4 Qg4 37. f3 Qg5 38. Qe7 h6 39. h4 Qg3 40. Bc4 Qe5 41. Qxe5 fxe5 42. Ne6 Rf6 43. Rd8+ Kh7 44. Nxg7 Kxg7 45. Re8 Rd6 46. Rxe5 Rd1+ 47. Kh2 1-0

[Event "44th Chess Olympiad Open 2022"]
[Site "Chennai"]
[Date "2022.08.06"]
[Round "8.91"]
[White "Jaiswal Prashant S"]
[Black "Christopher, Art"]
[Result "1/2-1/2"]
[WhiteElo "1683"]
[BlackElo "1616"]
[Annotator "NA RC"]
[PlyCount "66"]
[EventDate "2022.??.??"]
[TimeControl "60"]

1. d4 Nf6 2. Nf3 g6 3. c4 Bg7 4. Nc3 d6 5. e3 O-O 6. Be2 a6 7. O-O Bg4 8. h3 Bc8 9. Qc2 c5 10. b3 e6 11. dxc5 dxc5 12. Bb2 Nc6 13.
Rfd1 Qc7 14. Rab1 Bd7 15. Ne4 e5 16. Nxf6+ Bxf6 17. a3 Rad8 18. Bd3 Ne7 19. Nh2 Bg7 20. Nf1 f5 21. Be2 Nc6 22. Rbc1 f4 23.
e4 Nd4 24. Bxd4 exd4 25. f3 Qe5 26. Bd3 Qg5 27. Kh1 Be5 28.
Qf2 h5 29. Rc2 Qh6 30. Kg1 g5 31. Nh2 Kf7 32. Kf1 Ke7 33. Ke2 g4 1/2-1/2

[Event "44th Chess Olympiad Open 2022"]
[Site "Chennai"]
[Date "2022.08.07"]
[Round "9.1"]
[White "Gukesh D"]
[Black "Mamedyarov, Shakhriyar"]
[Result "1/2-1/2"]
[WhiteElo "2684"]
[BlackElo "2759"]
[Annotator "TA"]
[PlyCount "68"]
[EventDate "2022.??.??"]
[TimeControl "60"]

1. d4 d5 2. c4 dxc4 3. e4 e5 4. Nf3 Bb4+ 5. Bd2 Bxd2+ 6. Qxd2 exd4 7. Qxd4 Qxd4 {[%emt 0:03:21] The main line 7...Qxd4 scores better than 7...Nf6. D20:
Queen's Gambit Accepted: 3 e3 and 3 e4.} 8. Nxd4 a6 9. Bxc4 Ne7 10. Nc3 b5 11. Be2 c5 12. Nb3 c4 {[%emt 0:00:25] [#]} 13. Nd4 $146 ({
Predecessor:} 13. Nc5 Nd7 14. Nxd7 Bxd7 15. O-O-O O-O-O 16. f4 Bc6 17. Bf3
Rxd1+ 18. Rxd1 Rd8 19. Rxd8+ Kxd8 {½-½ (28) Stanec,N (2562)-Danner,G (2432)
Graz 2004}) 13... Nbc6 14. O-O-O Bd7 15. Nxc6 Nxc6 16. Rd6 O-O-O 17. Rhd1 Kc7 $1 18. f4 Be6 19. e5 Rxd6 20. Rxd6 Rd8 $1 21. Rxd8 Kxd8 $11 {[%emt 0:01:53] Endgame KBN-KBN} 22. Kd2 f6 23. exf6 gxf6 24. Ke3 f5 25. Bf3 Kc7 26. Ne2 Ne7 {[%emt 0:02:24] The position is
equal.} 27. h3 Kd6 28. g4 fxg4 29. hxg4 Bd5 30. Bxd5 Nxd5+ 31. Kd4 Nb4 32. Nc3 Nd3 33. b3 Nxf4 34. Ne4+ Kc6 {[%emt 0:00:00] Weighted
Error Value: White=0.04 (flawless) /Black=0.02 (flawless)} 1/2-1/2

[Event "44th Chess Olympiad Open 2022"]
[Site "Chennai"]
[Date "2022.08.07"]
[Round "9.1"]
[White "Mamedov, Rauf"]
[Black "Sarin Nihal"]
[Result "1/2-1/2"]
[WhiteElo "2656"]
[BlackElo "2651"]
[Annotator "TA"]
[PlyCount "66"]
[EventDate "2022.??.??"]
[TimeControl "60"]

1. e4 e6 2. d4 d5 3. Nd2 c5 4. Ngf3 cxd4 5. Nxd4 Nc6 6. Bb5 Bd7 7. Nxc6 bxc6 8. Bd3 Bd6 {[%emt 0:00:13] C07:
French Tarrasch: 3...c5, 4 Ngf3 and 4 exd5 Qxd5.} 9. Qe2 e5 {
[%emt 0:00:22] is cutting edge theory.} 10. c4 d4 11. f4 Nf6 (11... exf4 12. e5 Bb8 13.
O-O $14) 12. h3 {[%emt 0:00:18] Inhibits Bg4.} Qe7 (12... exf4
$2 13. e5 O-O 14. exf6 $18 (14. exd6 $2 Re8 $19)) 13. O-O exf4 14. b4 {[%emt 0:11:19] [#]} O-O $146 ({
Don't do} 14... Bxb4 15. e5 $14) ({Predecessor:} 14... c5 15. bxc5 Be5 16. Nb3
g5 17. Qf2 Rd8 18. Na5 O-O 19. c6 Be6 20. Rb1 Nh5 {0-1 (37) Kotronias,V (2517)
-Sturt,R (2494) Banja Vrujci 2021}) 15. c5 Be5 16. Nc4 g5 17. Bb2 Rad8 18. Rad1 Bc8 19. Qf2 Nd7 20. Bxd4 Bxd4 21. Qxd4 {[%emt 0:00:10] Threatening e5.} f6 {[%emt 0:00:01] Inhibits
e5.} (21... a5 $1 $11) 22. Qd6 {[%emt 0:01:08] White is more active.} Qxd6 23. Nxd6 Ne5 24. Be2 Be6 25. a4 Rd7 26. b5 Rb8 27. Rb1 Kf8 28. b6 axb6 29.
Rxb6 Ra8 (29... Rxb6 $2 30. cxb6 Rxd6 31. b7
$18) 30. Ba6 Rc7 31. Ra1 (
31. Rd1 $11) 31... Nd7 (31... Rca7 $17 32. Bb7 Rxa4) 32. Rb7 {
[%emt 0:01:37] [#]} (32. Bb7 $11 {keeps the balance.} Ra5 33. Rxc6 Rxc6 34.
Bxc6) 32... Rxb7 ({Black should try} 32... Ra7 $1 $17 {
Threatens to win with ...Rcxb7.} 33. Rxc7 Rxc7) 33. Bxb7 $11 Ra7 {[%emt 0:00:46] Weighted Error Value: White=0.16 (very precise) /Black=0.
17 (very precise)} 1/2-1/2

[Event "44th Chess Olympiad Open 2022"]
[Site "Chennai"]
[Date "2022.08.07"]
[Round "9.1"]
[White "Praggnanandhaa R"]
[Black "Durarbayli, Vasif"]
[Result "1-0"]
[WhiteElo "2648"]
[BlackElo "2638"]
[Annotator "TA"]
[PlyCount "131"]
[EventDate "2022.??.??"]
[TimeControl "60"]

1. d4 Nf6 2. c4 e6 3. Nf3 b6 4. g3 Ba6 5. b3 Bb4+ 6. Bd2 Bxd2+ 7. Qxd2 c6 8. Bg2 d5 9. O-O {[%emt 0:
00:00] E15: Queen's Indian: 4 g3 sidelines, 4 g3 Ba6 and 4 g3 Bb7 early
deviations.} Nbd7 10. Rc1 O-O 11. a4 {[%emt 0:07:13] White has an edge.} Bb7 {[%emt 0:00:43] [#]} 12. Nc3
$146 ({Predecessor:} 12. a5 c5 13. a6 Bc6 14. cxd5
Bxd5 15. Nc3 Ne4 16. Nxe4 Bxe4 17. Qf4 Bd5 18. e4 Bxb3 {1-0 (37) Gunina,V 
(2510)-Bodnaruk,A (2428) St Petersburg 2017}) 12... Rb8 13.
Ne1 c5 14. cxd5 cxd4 15. Qxd4 Nc5 16. Rab1 exd5 17. Nf3 Ne6 18. Qd1 Ne4 19. Nb5 Qf6 20. Rc2 a5 21. e3 Rbc8 22. Rbc1 N6c5 23. Nfd4 g6 24. Qf3 Qe7 25. Bf1 Ng5 26. Qd1 Qf6 27. Qg4 Nge4 28.
Qf4 Qe7 29. h4 Ba6 30. h5 Bxb5 31.
axb5 Rce8 32. Rd1 Qd7 33. Bg2 f5 34. Qf3 (34. hxg6 $14 hxg6 35. Qh6) 34... g5 $11 35. Rb2 Kh8 36. b4 (36. Rc2 $11 {
keeps the balance.}) 36... axb4 37. Rxb4 Nc3 38. Rd2 N3e4 (38... Ra8 $142
39. Rbb2 Ra1+ 40. Bf1 N5e4) 39. Rd1 $1 $17 Nc3 40. Rd2 N5e4 (40... Ra8 $17 {Threatens to
win with ...Ra1+.} 41. Rbb2 Ra1+ 42. Bf1 N5e4) 41. Rc2 $11 Ra8 42. Rb3 $1 Ra1+ 43. Bf1 $1 Na4 {[%emt 0:02:04] Hoping for ...Nac5.} 44. Rd3 $1 Re1 (44... Qf7 $11) 45. Ra3 $1 $16 Nac5 46. Rca2 $1 f4 47. exf4 g4 $2 (47... Qh3 $16 {was
worth a try.} 48. Qg2 Qxg2+ 49. Kxg2 gxf4) 48. Qh1 $1 $18 {[%emt 0:01:07] And
now Ra8 would win.} Ne6 49. Ra8 $2 ({White
has to play} 49. Nxe6 $1 $18 Qxe6 50. h6) 49... Nxd4 $11 50.
Rxf8+ Kg7 51. Rfa8 Nf3+ $2 {
[%emt 0:01:51] Pair of Knights!} (51... Qxb5 $2 52. Kg2 Rxf1 53. Qxf1 $18) (
51... Kh6 $1 $11) 52. Kg2 $18 Kh6 53. Rc2 $2 (53. R2a7 $1 $18 Qf5 54. Rb8) 53... Qe7 $11 54. Rc6+ Nf6 $1 55. Ra3 $2 Qxa3 $19 56. Rxf6+ Kg7 57. Rxb6 {[%emt 0:00:20] [#] Strongly threatening h6+.}
h6 $1 58. Rg6+ Kh7 $2 ({
Better is} 58... Kf7 $19 {( -> ...Nd2)} 59. Rxg4 Nd2) 59. Rxg4 $11 d4 $2 {[%emt 0:00:30] [#]} (59... Qb3 $11 {and Black has nothing to worry.
}) 60. Rg6 $1 $18 {[%emt 0:00:42] Black must now prevent Qh3.} ({Weaker is} 60.
Kh3 Qa8 $11) 60... Qe7 $2 {[%emt 0:00:31] [#]} (60... Nd2 61. Kh3 Ne4) 61. Bd3
$1 {[%emt 0:00:31] Intending Qh3 and mate. White is clearly winning.} Qa3 (61... Rxh1 62. Re6+) 62. Re6+ Qxd3 63. Rxe1 {[%emt 0:00:02] Re7+ would kill now.} Nxe1+ 64. Qxe1 {[%emt 0:00:02] White wants to mate with b6.} Qxb5 65. Qe4+ Kg8 66. Qg6+ {[%emt 0:00:12]
Weighted Error Value: White=0.31/Black=0.52} 1-0

[Event "44th Chess Olympiad Open 2022"]
[Site "Chennai"]
[Date "2022.08.07"]
[Round "9.1"]
[White "Abasov, Nijat"]
[Black "Sadhwani, Raunak"]
[Result "1-0"]
[WhiteElo "2633"]
[BlackElo "2611"]
[Annotator "ChessBase"]
[PlyCount "105"]
[EventDate "2022.??.??"]
[TimeControl "60"]

1. e4 e5 2. Nf3 Nc6 3. Bb5 Nf6 4. O-O Nxe4 5. Re1 Nd6 6.
Nxe5 Be7 7. Bf1 Nxe5 8. Rxe5 O-O 9. Nc3 Bf6 10. Re1 Re8 11.
Nd5 Rxe1 12. Qxe1 b6 13. Nxf6+ Qxf6 14. d3 Bb7 15. Qe3 c5 16. Qf4 Qxf4 17. Bxf4 Nf5 18. a4 Nd4 19. c3 Ne6 20. Bd6 a5 21. Be2 f6 22. f4 g6 23. g4 Rc8 24. f5 gxf5 25. gxf5 Ng7 26. Rf1 Bd5 27. c4 Bc6 28. Bd1 Kf7 29. Bg3 d5 30. cxd5 Bxd5 31.
Rf4 Re8 32. Kf2 Re5 33. Rh4 Rxf5+ 34. Ke1 Rg5 35. Rxh7 Kg6 36. Rh8 Nf5 37. Bf2 Nd4 38. h4 Rf5 39. Bxd4 cxd4 40. Rb8 Re5+ 41. Kd2 Rf5 42. Rd8 Bf7 43. Rxd4 b5 44. Ke3 Rf1 45. Bf3 b4 46. Rg4+ Kh6 47. Rf4 Kg7 48. Rf5 Rb1 49. Rxa5 Rxb2 50. Rb5 b3 51. Rb7 Kf8 52. Bd1 Ra2 53. Rxf7+ 1-0

[Event "44th Chess Olympiad Open 2022"]
[Site "Chennai"]
[Date "2022.08.07"]
[Round "9.2"]
[White "Abdusattorov, Nodirbek"]
[Black "Sargissian, Gabriel"]
[Result "1/2-1/2"]
[WhiteElo "2688"]
[BlackElo "2698"]
[Annotator "TA"]
[PlyCount "161"]
[EventDate "2022.??.??"]
[TimeControl "60"]

1. e4 e5 2.
Nf3 Nc6 3. Bb5 a6 4. Ba4 Nf6 5. O-O Be7 6. Re1 b5 7. Bb3 O-O 8. d3 d6 9. Bd2 {[%emt 0:00:10] C88: Closed Ruy Lopez: Anti-Marshall Systems.} h6 10. h3 Re8 11. a3 Bf8 12. Nc3 Rb8 13.
Ba2 {[%emt 0:13:42] [#]} a5 $146 ({Predecessor:} 13... Ne7 14.
Nh4 g5 15. Nf3 Ng6 16. Nh2 c6 17. Ne2 d5 18. Ng3 dxe4 19. dxe4 Rb7 {1-0 (30)
Carlsen,M (2872)-Vitiugov,N (2747) Wijk aan Zee 2020}) 14. Nd5 b4 15. Bb3 Nxd5 16. exd5 (16. Bxd5 $14 Ne7 17. Bb3) 16... Ne7 $11 17.
axb4 axb4 18. Nh2 c6 19. dxc6 {[%emt 0:01:11] [#] Ra7 is the strong threat.} Qc7 {
[%emt 0:00:24] Prevents Ra7.} 20. Ng4 Nxc6 21. Bxh6 gxh6 (21... Nd4 $11 {remains equal.}
22. Ba4 Bxg4 23. Qxg4 Re6) 22. Nf6+ $16 Kh8 {[%emt 0:00:05]
Hoping for ...Rd8.} 23. Nxe8 {[%emt 0:05:56] White is more active.} Qe7 {
[%emt 0:01:14] [#]} 24. Nxd6 Qxd6 25. Bxf7 Bb7 26. Bh5 ({White should
try} 26. c3 $16) 26... Nd4 $11 27. c3 bxc3 28. bxc3 Qc6 29. Re4 Qxc3 30. Rc1 $36 {
[%emt 0:01:31] Black is under pressure.} Qa5 31. Rg4 Bc8 32. Rg3 Bf5 33. Bg6 Bg7 ({Better is
} 33... Bxg6 $11 34. Rxg6 Qa2) 34. Bxf5 $14 Nxf5 35. Rg6 Nd4 36. Ra1 {[%emt 0:00:20]
Prevents Qa2.} Qc5 37. Rga6 Qf8 38. Ra7 Qf5 ({Less strong is} 38... Rb2
39. Ra8 Rb8 40. Rxb8 Qxb8 41. Qg4 $16) 39. Ra8 Rxa8 40. Rxa8+ Kh7 41. Ra7 h5 42. Qe1 Kg6 43. Qe3 {
[%emt 0:00:00] And now Qg3+ would win.} h4 {[%emt 0:05:18] Prevents Qg3+.} 44.
Kh2 Qf4+ 45. Kg1 Bh6 46. Qe1 Qc1 47. Qxc1 Bxc1 48. g3 Bg5 49. Kg2 Bf6 50. Ra8 Kg7 51. Ra1 Kg6 52. Re1 Kf5 53. Re4 Ne6 54. Re3 Nd4 55. Kf1 Ne6 56. Re1 Nc5 57. Rd1 Ne6 58. Ra1 Nd4 59. Ra5 Ne6 60. Ra8 Nd4 61. Rg8 Ke6 62. Kg2 Kf5 63. Kf1 Ke6 64. Rg4 Nf3 {[%emt 0:00:00] Strongly threatening ...Nh2+.
} ({Don't play} 64... hxg3 65. fxg3 Kf7 66. Kf2 $16) 65. Ra4 Kf5 66. Ra1 Nd4 67. Kg2 Ne6 68. Ra6 {[%emt 0:00:00] Black must now
prevent g4+.} Nd4 69. Rb6 Bd8 70. Rb8 Bf6 71. Rg8 Bg5 72. Rb8 Bf6 73. Rb1 Be7 74. Re1 Bf6 75.
Re3 Ne6 76. Re2 Nd4 77. Re1 Ne6 78. Rf1 Nc5 {[%emt 0:00:46] The position is equal.} 79. f4 {[%emt 0:00:22]
Threatens to win with fxe5+.} Nxd3 80. fxe5+ Kxe5 81. gxh4 {[%emt 0:00:06] Remove Defender. Weighted Error
Value: White=0.11 (very precise) / Black=0.12 (very precise)} 1/2-1/2

[Event "44th Chess Olympiad Open 2022"]
[Site "Chennai"]
[Date "2022.08.07"]
[Round "9.2"]
[White "Melkumyan, Hrant"]
[Black "Yakubboev, Nodirbek"]
[Result "1/2-1/2"]
[WhiteElo "2634"]
[BlackElo "2620"]
[Annotator "TA"]
[PlyCount "95"]
[EventDate "2022.??.??"]
[TimeControl "60"]

1. Nf3 Nf6 2. c4 g6 3. Nc3 Bg7 4. e4 d6 5. d4 O-O 6. Be2 e5 7. O-O h6 8. Re1 Nbd7 9. Bf1 Nh7 {[%emt 0:02:08] 9...Re8 is the
modern continuation.} 10. Be3 {[%emt 0:16:28] E95: King's Indian: Classical: 7.
..Nbd7 8 Re1.} Ng5 11. Nxg5 hxg5 12. d5 {[%emt 0:00:45] [#] White is slightly better.} a5 $146 ({Predecessor:} 12... f5 13. f3 g4 14. fxg4 f4 15. Bf2 Bf6 16. Be2 Bh4 17.
Bf3 Bxf2+ 18. Kxf2 Qh4+ {½-½ (40) Hoensch,M-Werner,M Herrenberg 1986}) 13. f3 Nc5 14. b3 (14. Bxc5 $5 dxc5
15. Bd3 $14) 14... b6 15. Rb1 Bd7 16. Qd2 g4 17. fxg4 Bxg4 18. Be2 Bd7 19. Rf1 Qh4 20. Bf3 f5 21. Bg5 Qh8 22. Nb5 Bxb5 (22... Rac8 {seems wilder.} 23. Na7 Rce8 24. Nb5 fxe4 25.
Be2 Bxb5 26. cxb5 Rf5) 23. cxb5 Rf7 24. Be3 Raf8 ({Don't play} 24... Nxe4 25. Bxe4 fxe4
26. Rxf7 Kxf7 27. Qc2 $18) 25. Rbd1 Nxe4 (
25... fxe4 {looks sharper.} 26. Be2 Rf5 27. Qc2 Bh6) 26. Bxe4 fxe4 27. Rxf7 {[%emt 0:00:47] Active counter play!} Rxf7 28. h3 Qh5 29. Rf1 Rxf1+ 30. Kxf1 $11 {[%emt 0:00:45] Endgame KQB-KQB}
Bf6 31. Kg1 Qf5 32. Qc1 Bd8 33. Kh2 Kg7 34. Qc6 Qf7 35. Kg1 Kh7 36. Qb7 Kg7 37. Qc8 Bf6 38. a4 Bh4 39. Qg4 Be1 40. Qxe4 Bb4 41. Qh4 Bc5 {[%emt 0:00:
00] The position is equal.} 42. Qh6+ Kg8 43.
Bxc5 bxc5 44. Qd2 Qf4 45. Qxa5 {[%emt 0:01:46] Strongly threatening Qc3.} Qc1+ 46. Kh2 Qf4+ 47. Kg1 Qc1+ 48. Kh2 {[%emt 0:00:05] Weighted Error
Value: White=0.05 (flawless) /Black=0.05 (flawless)} 1/2-1/2

[Event "44th Chess Olympiad Open 2022"]
[Site "Chennai"]
[Date "2022.08.07"]
[Round "9.2"]
[White "Sindarov, Javokhir"]
[Black "Ter-Sahakyan, Samvel"]
[Result "1-0"]
[WhiteElo "2629"]
[BlackElo "2625"]
[Annotator "TA"]
[PlyCount "97"]
[EventDate "2022.??.??"]
[TimeControl "60"]

1. e4 c5 2. Nf3 d6 3. d4 cxd4 4. Nxd4 Nf6 5. Nc3 a6 6. Bd3 e5 7. Nde2 Be7 8. O-O Be6 {[%emt 0:02:36] B90: Sicilian Najdorf: Unusual White 6th moves, 6
Be3 Ng4 and 6 Be3 e5.} 9. f4 exf4 10. Nxf4 Nc6 {[%emt 0:00:08] The position is equal.} 11. b3 O-O 12. Bb2 Ne5 13. Qe1
{[%emt 0:00:31] [#]} Re8 $146 ({Predecessor:} 13... Rc8 14.
Rd1 Re8 15. h3 Bf8 16. Kh1 b5 17. Nce2 Bd7 18. Qg3 Bc6 19. Nd5 Bxd5 20. exd5 {
½-½ (51) Van Foreest,J (2688)-Saric,I (2653) Zagreb 2021}) 14. Kh1 Bf8 15. Rd1 g6 16.
h3 Rc8 17. Qf2 Bg7 18. Na4 Qe7 19. Nb6 Rc6 20. Bd4 (20.
Bxe5 $5 dxe5 21. Nxe6 fxe6 22. Nc4 $11) 20... Qc7 21. Qg1 Qe7 22. c4 Nfd7 (22... Nxd3 23. Rxd3 Qd8 24. Nbd5 (24. Nxe6 Rxe6 25. Nd5 Nxe4 $14) 24...
Bxd5 25. Bxf6 (25. cxd5 Rc8 $15) (25. Nxd5 Nxd5 26. Bxg7 Kxg7 $14) (25. exd5
Rc7 $14) 25... Qxf6 26. Nxd5 $16) 23. Nbd5 $36 {[%emt 0:00:33] White is more
active.} Qh4 24. Bf2 Qg5 25.
Be3 Qh4 26. Bf2 (26. Bb1 $14
) 26... Qh6 27. Bg3 Qg5 (
27... g5 $11) 28. Qf2 $16 Qd8 29. a4 (29. Nxe6 $6 fxe6 30. Nf4 Qe7 $11) 29... Rc8 30. Bc2 ({Of course not} 30. Nxe6 $6 fxe6 31. Nf4 Rf8 $11)
30... Rf8 31. Ne3 {[%emt 0:02:04] White is more active.} Nc5 {
[%emt 0:01:48] [#]} (31... b5 $16 {is a better defense.}) 32. Nf5 $1 $18 gxf5 33. exf5 Bd7 34. Nh5 ({White should try} 34. Rxd6 $18 Qe7 35. Rfd1)
34... f6 $16 {[%emt 0:00:59] [#]} 35. b4 $1 Ncd3 (35... Nxc4 $2 36. bxc5 Rf7 37. Bxd6 $18) 36. Bxd3 {[%emt 0:00:08]
Threatens to win with c5.} Bxa4 37. Rd2 Bh6 (37... Qe7 $16 {might work better.})
38. Bf4 $18 Bxf4 39. Nxf4 ({
Not} 39. Qxf4 Qe7 $14) 39... Rf7 40. c5 Nxd3
$2 (40... Rd7 41. Be4 (41. Ne6 Qe7 $16) 41... dxc5 42. Rxd7
Bxd7) 41. Rxd3 Bc6 42. Rxd6 Qf8 43. Ne6 Qh6 44. Rfd1 Re8 45. Kh2 Rfe7 46. R1d4 Kh8 47. Rh4 Qc1 48. Qd4 Rf7 49. Rd8 {[%emt 0:00:00] Weighted Error Value: White=0.06 
(flawless) /Black=0.42} 1-0

[Event "44th Chess Olympiad Open 2022"]
[Site "Chennai"]
[Date "2022.08.07"]
[Round "9.2"]
[White "Hovhannisyan, Robert"]
[Black "Vakhidov, Jakhongir"]
[Result "0-1"]
[WhiteElo "2591"]
[BlackElo "2564"]
[Annotator "TA"]
[PlyCount "150"]
[EventDate "2022.??.??"]
[TimeControl "60"]

1. e4 c5 2. Nf3 d6 3. d4 cxd4 4. Nxd4 Nf6 5. Nc3 a6 6. Be2 e5 7. Nb3 Be7 8. O-O O-O 9. Qd3 Be6 10. Bd2 {[%emt 0:00:18] B92: Sicilian
Najdorf: 6 Be2.} Nc6 11. Nd5 {[%emt 0:02:14] [#] Against Nb4}
Nd7 $1 $146 {[%emt 0:00:09] A relevant novelty.} ({Predecessor:} 11... a5 12.
a4 Bxd5 13. exd5 Nb4 14. Bxb4 axb4 15. a5 Qd7 16. Nd2 Rfc8 17. Nc4 Bd8 {
1-0 (30) Vachier Lagrave,M (2749)-Nepomniachtchi,I (2792) Zagreb 2021}) 12.
Rfd1 {[%emt 0:05:03] White has an edge.} Rc8 13. c3 Bg5 (13... f5 $11) 14. h3 Bxd2 15. Rxd2 ({But not} 15. Nxd2 Nc5 16. Qc2 f5
$11) 15... Qg5 16. Qe3 Qxe3 17. Nxe3 Bxb3 18. axb3 Nc5 19. Bc4 (19. Rxd6 $16 {b4 is
the strong threat.} Nxe4 20. Rdd1) 19... Nxe4 $11 20. Rdd1 Rfd8 21. Nf5 {[%emt 0:01:31] aiming for Bd5.}
Kf8 22. f3 g6 23. fxe4 gxf5 24. exf5 {
[%emt 0:00:30] Black should prevent f6.} Ne7 $1 25. g4 d5 26. Bf1 Rc6 27. b4 Kg7 28. Ra5 Kf6 (28... h5 $5) 29. c4 (29. b5 $11 Rc5 30. b4
Rxc3 31. bxa6) 29... Rb6 $15 30. cxd5 Rxb4 31. d6 Nc6 32. Rad5 Rxb2 33. Bg2 (33. d7 $142) 33... Nd4
$17 34. d7 Rb5 $36 {[%emt 0:02:00] Keeping
White busy. Chess con chili.} 35. Rd6+ Ke7 36. Rh6 Rxd7 37. Re1 {[%emt 0:00:21] Against
Ne2+} a5 38. Rxh7 a4 (38...
Rd8 $17 39. Be4 a4) 39. g5 $1 $15 Rd8 ({
Weaker is} 39... Nxf5 40. g6 $17) 40. Rf1 (40. Ra1 $17 {
was worth a try.}) 40... Ne2+ 41. Kh2 {[%emt 0:01:23] [#] And
now g6 would win.} Nf4 (41... Rf8 $1 $19 {Strongly
threatening ...Nf4.} 42. Rf2 Nf4) 42. Bf3 $1 Rf8 43. Rd1 {[%emt 0:07:48] [#]} Rb2+ ({Black should try} 
43... a3 $1 $17 {Threatens to win with ...Rb2+.} 44. f6+ Ke8) 44. Kg3 $1 $11 Ne2+ (44... a3 $5 45. f6+ Ke8 $11) 45. Bxe2 Rxe2 {[%emt 0:00:02] Endgame KRR-KRR} 46. Kf3 ({Better is} 46. Rb1 $1 $14) 46... Rb2 47. Rd5 $1 a3 48. Rxe5+ Kd6 49.
Ra5 a2 50. Rh4 (50. Rh6+ $11
Kc7 51. Rh4) 50... b5 $17 {[%emt 0:00:06] White is on the road to losing.} 51.
Rh6+ (51. Rd4+ $17 Ke5 52. Re4+ Kxf5 53. Re2 Rb3+ 54. Kg2)
51... Ke5 $19 {[%emt 0:00:10] White must now prevent ... Rc8.} 52. Rha6 $2 (52. Rb6 Rd8 53. g6) 52... Rc8 {[%emt 0:00:00] ( -> ...Rc3+)} (
{And not} 52... Rb3+ 53. Ke2 $17) 53. h4 Kxf5 (53... Rb3+ $142 54. Kg4 Rc4+ 55. Kh5 Rbb4 56. Rxb5+ Rxb5 57. Rxa2 Kxf5) 54.
Ra3 {[%emt 0:02:42] Hoping for Re3.} Rc4 55. Rf6+ Ke5 56. Rxf7 {[%emt 0:00:26] [#]} Rc3+ $3 57. Rxc3 a1=Q 58. Re3+ Kd6 59. Rf6+ Kc5 60. Rf5+ Kb6 61. Kg4 Qg1+ 62. Rg3 Rb4+ 63. Rf4 Rxf4+ 64. Kxf4 {[%emt 0:00:00] KQ-KR} Qd4+ 65. Kf5 Qxh4 {[%emt 0:00:08] Black mates.} 66. Rg4 Qf2+ 67. Rf4 Qc5+ 68. Kf6 Qf8+ 69. Ke5 Qe7+ 70. Kf5 b4 71. g6 b3 72. Rf3 Qf8+ 73. Kg4 Qg8 74. Kg5 b2 75. Rf1 Qc4 {[%emt 0:00:
33] Weighted Error Value: White=0.53/Black=0.25 (precise)} 0-1

[Event "44th Chess Olympiad Open 2022"]
[Site "Chennai"]
[Date "2022.08.07"]
[Round "9.3"]
[White "Giri, Anish"]
[Black "Maghsoodloo, Parham"]
[Result "1/2-1/2"]
[WhiteElo "2760"]
[BlackElo "2701"]
[Annotator "TA"]
[PlyCount "154"]
[EventDate "2022.??.??"]
[TimeControl "60"]

1. d4 Nf6 2.
c4 e6 3. Nc3 Bb4 4. e3 O-O 5. Bd3 d5 6. a3 dxc4 7. Bxc4 Be7 {[%emt 0:00:35] E48: Nimzo-Indian: Rubinstein: 5 Bd3 d5 including
6 Ne2, but excluding 6 a3.} 8. b4 b6 9. Nf3 Bb7 {[%emt 0:02:30] The position is equal.} 10. O-O Nbd7 11. Bb2 a5 12.
b5 Bd6 {[%emt 0:00:06] [#]} 13. Nd2 $146 ({
Predecessor:} 13. Ne2 Qe7 14. a4 Rad8 15. Qc2 Nd5 16. e4 Nb4 17. Qb1 e5 18. Re1
g6 19. Ng3 {0-1 (37) Wen,Y (2571)-Tran,T (2512) Hamedan 2018}) 13... e5 14. d5 Nc5 15. e4 Nfd7 16. Qc2 Qh4 17. Rae1 Rae8 18. Ne2 Bc8 19. Ng3 g6 20.
Bc1 Nb7 21. Ba2 Kh8 22. Kh1 Bc5 23. Nb3 (23. f4 $14) 23... Bd6 $1 $11 24. Nd2 Qe7 25. Nc4 Bc5 26. f4 {
[%emt 0:01:24][%cal Yf2f4,Yf4f5] Strongly threatening fxe5.} f6 27. f5 Nd6 28. a4 Rg8 29. Rf3 Bb4 30. Ref1 g5 31. Nb2 {[%emt 0:01:06] White is more
active.} Nc5 32. Re3 Bd7 33.
Nd3 Nxd3 34. Rxd3 Rc8 35. Rc3 Bxc3 36. Qxc3 h5 {[%emt 0:00:10][%cal Yh7h5,Yh5h4] [#] aiming for .. .h4.}
37. Qd3 h4 38. Ne2 Qh7 39. Nc3 g4 40. Nd1 Be8 41. Ne3 g3 {[%emt 0:30:37] [#] Hoping for ...h3.} 42. h3 Bh5 43. Bb1 Rg7 44. Ba3 Qh6 45. Bc1 {[%emt 0:00:28]
[%cal Ye3g4] Threatens to win with Ng4!} Qh7 46. Kg1 Kg8 47. Bc2 Rd8 48.
Bd1 Bxd1 49. Nxd1 Qh5 50. Nc3 Kh8 51. Re1 Rdd7 52. Be3 (52. Nd1 $11) 52... Kh7 53. Qd1 Qxd1 54. Rxd1 Kg8 (54... Rg5 $5) 55. Kf1 Kf7 56. Ke2 Ke8 57. Kd3 Kd8 58. Rf1 Kc8 59. Bc1 Kb7 60. Nd1 Rg8 61. Ne3 Kc8 62. Nc4 Nf7 63. Be3 Kb7 64. Rc1 Rg7 65. Ke2 Rg8 66. Kf3 Rdd8 67. Ke2 Rd7 68. Kf3 Rdd8 69. Bd2 Rd7 70. Rc3 Rdd8 71. Rc2 Rd7 72. Rc1 Rdd8 73. Ke2 Rd7 74. Kd3 Rdd8 75. Be3 Rd7 76. Rc2 Rg7 77. Bc1 Rg8 {[%emt 0:00:
00] Weighted Error Value: White=0.09 (flawless) /Black=0.06 (flawless)} 1/2-1/2